 Dungeon Crawl Stone Soup version 0.28.0-47-ge53b351184 (webtiles) character file.

Game seed: 9046481589828869821

18602 NinjaNoafa the Protected (level 12, -2/117 HPs)
             Began as a Minotaur Fighter on May 3, 2022.
             Was a Priest of Trog.
             Slain by a sun demon (12 damage)
             ... summoned by a kobold demonologist
             ... on level 12 of the Dungeon.
             The game lasted 00:29:29 (17392 turns).

NinjaNoafa the Protected (Minotaur Fighter)        Turns: 17392, Time: 00:29:29

Health: -2/117     AC: 15    Str: 29    XL:     12   Next: 29%
Magic:  8/11       EV:  8    Int:  5    God:    Trog [***...]
Gold:   581        SH:  7    Dex: 20    Spells: 11/11 levels left

rFire   . . .      SeeInvis .   z - +5 mace (vamp)
rCold   . . .      Faith    +   c - +0 buckler
rNeg    . . .      Spirit   .   x - +0 chain mail of Otuehem {Dex+4 Stlth+}
rPois   +          Reflect  .   (helmet restricted)
rElec   .          Harm     .   (no cloak)
rCorr   .          Rampage  .   o - +2 pair of gloves {Str+3}
Will    .....                   (no boots)
Stlth   ..........              A - amulet of faith
HPRegen 0.29/turn               s - +4 ring of slaying
MPRegen 0.12/turn               f - +6 ring of dexterity

@: on berserk cooldown, flying, slowed, very slow
A: horns 2, retaliatory headbutt, poison resistance, robust 1, MP-powered wands
a: Renounce Religion, Berserk, Trog's Hand


You were on level 12 of the Dungeon.
You worshipped Trog.
Trog was most pleased with you.
You visited 2 branches of the dungeon, and saw 15 of its levels.

You collected 636 gold pieces.
You spent 55 gold pieces at shops.

Inventory:

Hand Weapons
 h - a +4 trident
 z - a +5 vampiric mace (weapon)
Missiles
 n - 8 boomerangs
 p - 11 poisoned darts (quivered)
Armour
 c - a +0 buckler (worn)
 o - a +2 pair of gloves of strength (worn)
 x - the +0 chain mail of Otuehem (worn) {Dex+4 Stlth+}
   (You found it on level 8 of the Dungeon)

   Dex:       It affects your dexterity (+4).
   Stlth:     It makes you more stealthy.
Jewellery
 f - a +6 ring of dexterity (right hand)
 m - a +4 ring of evasion
 q - an amulet of reflection
 s - a +4 ring of slaying (left hand)
 u - a +4 ring of evasion
 y - a ring of protection from fire
 A - an amulet of faith (around neck)
Wands
 a - a wand of flame (2)
 v - a wand of paralysis (5)
Scrolls
 e - a scroll of fog
 g - 4 scrolls of noise
 k - a scroll of magic mapping
 w - a scroll of immolation
Potions
 d - a potion of mutation
 r - 2 potions of haste


   Skills:
 + Level 10.5 Fighting
 - Level 7.4 Short Blades
 - Level 2.9(6.6) Axes
 + Level 9.4(9.6) Maces & Flails
 + Level 7.4 Throwing
 + Level 10.8 Armour
 - Level 1.1 Stealth
 + Level 9.7 Shields
 - Level 7.0 Evocations


You had 11 spell levels left.
You didn't know any spells.
Your spell library contained the following spells:

 Spells                   Type           Power      Damage    Failure   Level
 Foxfire                  Conj/Fire      0%         2x1d4     95%         1
 Conjure Flame            Conj/Fire      0%         6-21      100%        3
 Inner Flame              Hex/Fire       0%         N/A       100%        3
 Flame Wave               Conj/Fire      0%         2d4       100%        4


Dungeon Overview and Level Annotations

Branches:
Dungeon (14/15)            Temple (1/1) D:7            Lair (0/6) D:8
    Orc: D:9-12      Vaults: D:13-14

Altars:
Ashenzari
Cheibriados
Dithmenos
Elyvilon
Fedhas
Gozag
Hepliaklqana
Kikubaaqudgha
Makhleb
Nemelex Xobeh
Okawaru
Qazlal
Ru
Sif Muna
Trog
Uskayaw
Vehumet
Wu Jian
Xom
Yredelemnul
Zin
The Shining One

Shops:
D:13 !

Annotations:
D:8 3 runed translucent doors, Lamak's ghost, novice MiFi


Innate Abilities, Weirdness & Mutations

You have a pair of horns on your head.
You reflexively headbutt those who attack you in melee.
Your system is resistant to poisons. (rPois)
You are robust. (+10% HP)
You expend magic power (3 MP) to strengthen your wands.


Message History

The kobold brigand shouts!
You headbutt the kobold demonologist.
The kobold demonologist is heavily wounded.
You carefully extract the barbed spikes from your body.
The kobold demonologist casts a spell.
The kobold demonologist hits you but does no damage.
You block the kobold demonologist's attack.
The kobold moves out of view.
You closely miss the kobold demonologist.
You headbutt the kobold demonologist.
The kobold demonologist is severely wounded.
You block the kobold demonologist's attack.
The kobold demonologist mumbles some strange words.
The kobold demonologist looks encouraged for a moment.
You bludgeon the kobold demonologist!!
You kill the kobold demonologist!
Trog accepts your kill.
Trog appreciates your killing of a magic user.
You block the sun demon's attack.
The kobold demonologist hits you but does no damage.
The kobold demonologist looks satisfied for a moment.
You thump the kobold demonologist!
The kobold demonologist is lightly wounded.
Your skin stops crawling.
You feel less strong-willed. The sun demon hits you!
* * * LOW HITPOINT WARNING * * *
You are engulfed in flames!
* * * LOW HITPOINT WARNING * * *
The kobold demonologist hits you but does no damage.
The sun demon misses you.
The kobold demonologist barely misses you.
Aiming: Paralyse
Press: ? - help, Shift-Dir - straight line, f - kobold demonologist
Aim: a kobold demonologist, wielding a +0 dagger and wearing a +0 robe (chance to affect: 55%)
You feel a surge of power!
The kobold demonologist suddenly stops moving!
The sun demon hits you!
* * * LOW HITPOINT WARNING * * *
You are engulfed in flames!
You die...

#.....)....# #####........#......
#..........#.##.....
#........#....#.........#.
######........###<.#...........
##.....#.....#####K.............#
#.............#..#KK...... .....
................##3K#...#####....
................@KK5###..#... #..
...............3K#K#.).....# #..
................##55.##..########
...............###..#..>.....K...
...............###..#.........###
#.............###...#.........#
##.....#...........##........## #
########.###.####.#####....## #
##.##..# #.# ####..# #


You could see a soul eater (summoned), a sun demon (summoned), 2 kobold
demonologists, 3 kobold brigands, an iron imp (summoned), a shadow imp
(summoned) and a kobold.

Vanquished Creatures
  2 hydras
  A boulder beetle (D:13)
  2 centaur warriors (D:13)
  6 two-headed ogres
  2 ugly things
  2 cyclopes
  A manticore (D:14)
  2 komodo dragons
  2 rime drakes (D:13)
  An unseen horror (D:11)
  2 kobold demonologists (D:12)
  A freezing wraith (D:14)
  3 trolls
  The ghost of acdeimund the Spear-Bearer, an amateur MfBe of Trog (D:5)
  3 slime creatures (D:11)
  A shadow (D:11)
  A vampire (D:12)
  The ghost of issech the Shield-Bearer, an amateur TrFi (D:3)
  A basilisk (D:13)
  2 vampire mosquitoes (D:14)
  4 water moccasins
  An acid dragon (D:11)
  3 black bears
  5 orc warriors
  2 sky beasts
  An ice beast (D:6)
  2 ogres
  8 centaurs
  2 kobold brigands
  3 scorpions (D:5)
  3 bullfrogs
  8 killer bees
  4 howler monkeys
  10 wights (D:9)
  6 centaur zombies
  A bullfrog zombie (D:5)
  10 orc priests
  2 bullfrog skeletons
  4 centaur skeletons
  3 iguanas
  8 orc wizards
  A hound zombie (D:3)
  A hound skeleton (D:4)
  8 adders
  A shadow imp (D:8)
  An adder zombie (D:3)
  An adder skeleton (D:4)
  A dart slug (D:3)
  42 orcs
  4 endoplasms
  6 giant cockroaches
  10 goblins
  6 hobgoblins (D:1)
  4 jackals (D:2)
  A quokka (D:4)
  5 ball pythons
  2 bats
  2 frilled lizards (D:1)
  12 kobolds
  7 rats
242 creatures vanquished.

Vanquished Creatures (collateral kills)
  An orc warrior (D:8)
  A black bear (D:8)
  A bullfrog (D:8)
  3 killer bees (D:8)
  2 orc priests (D:8)
  An orc wizard (D:8)
  An orc (D:8)
10 creatures vanquished.

Vanquished Creatures (others)
  An orc (D:10)
  26 fungi (D:8)
  30 plants
57 creatures vanquished.

Grand Total: 309 creatures vanquished

Notes
Turn   | Place    | Note
-------+----------+-------------------------------------------
     0 | D:1      | NinjaNoafa the Minotaur Fighter began the quest for the
                  | Orb.
     0 | D:1      | Reached XP level 1. HP: 19/19 MP: 0/0
   271 | D:1      | Reached XP level 2. HP: 27/27 MP: 1/1
  1082 | D:1      | Reached XP level 3. HP: 31/33 MP: 2/2
  1492 | D:2      | Reached skill level 1 in Short Blades
  1979 | D:3      | Reached XP level 4. HP: 41/41 MP: 3/3
  2042 | D:3      | Found a runed translucent gate.
  2042 | D:3      | Found a runed translucent gate.
  2042 | D:3      | Found a runed translucent gate.
  2042 | D:3      | Noticed issech's ghost (amateur TrFi)
  2044 | D:3      | Found a basalt altar of Yredelemnul.
  2890 | D:4      | Noticed a sky beast
  2901 | D:4      | Killed a sky beast
  2902 | D:4      | Reached XP level 5. HP: 21/47 MP: 4/4
  3292 | D:4      | Reached skill level 5 in Fighting
  3292 | D:4      | Reached XP level 6. HP: 56/56 MP: 5/5
  3323 | D:4      | Reached skill level 5 in Armour
  3490 | D:4      | Noticed a yak
  3490 | D:4      | Noticed a yak
  3490 | D:4      | Noticed a yak
  3538 | D:4      | Found a white marble altar of Elyvilon.
  3580 | D:4      | Identified the +0 robe of the Plum {Rampage}
  4061 | D:5      | Entered Level 5 of the Dungeon
  4066 | D:5      | Noticed a water moccasin
  4088 | D:5      | Killed a water moccasin
  4266 | D:5      | Reached XP level 7. HP: 61/62 MP: 6/6
  4524 | D:5      | Found a shimmering altar of Xom.
  4618 | D:5      | Reached skill level 5 in Short Blades
  4683 | D:5      | Reached skill level 5 in Shields
  5266 | D:5      | Found a runed translucent door.
  5269 | D:5      | Noticed acdeimund's ghost (amateur MfBe)
  5315 | D:5      | Found a bloodstained altar of Trog.
  5320 | D:5      | Became a worshipper of Trog the Wrathful
  5561 | D:5      | Reached XP level 8. HP: 54/73 MP: 7/7
  6734 | D:6      | Found a broken altar of Ashenzari.
  7039 | D:7      | Found a burning altar of Makhleb.
  7551 | D:7      | Found a staircase to the Ecumenical Temple.
  7577 | Temple   | Entered the Ecumenical Temple
  7942 | D:7      | Reached * piety under Trog
  8010 | D:7      | Reached XP level 9. HP: 82/82 MP: 8/8
  8631 | D:8      | Noticed a komodo dragon
  8676 | D:8      | Killed a komodo dragon
  8721 | D:8      | Found a staircase to the Lair.
  8798 | D:8      | Reached skill level 5 in Evocations
  9237 | D:8      | Found a runed translucent gate.
  9237 | D:8      | Found a runed translucent gate.
  9406 | D:8      | Identified the +0 chain mail of Otuehem {Dex+4 Stlth+}
  9591 | D:8      | Found an opulent altar of Gozag.
  9592 | D:8      | Found a runed translucent gate.
  9593 | D:8      | Noticed Lamak's ghost (novice MiFi)
  9787 | D:3      | Killed issech's ghost
 10078 | D:5      | Killed acdeimund's ghost
 10351 | D:9      | Reached ** piety under Trog
 10352 | D:9      | Reached XP level 10. HP: 86/91 MP: 9/9
 11015 | D:9      | Reached skill level 1 in Stealth
 11017 | D:9      | Found a hazy altar of Hepliaklqana.
 11027 | D:9      | Reached skill level 1 in Maces & Flails
 11316 | D:9      | Found an ornate altar of the Wu Jian Council.
 11678 | D:10     | Entered Level 10 of the Dungeon
 11678 | D:10     | Found a stormy altar of Qazlal.
 11875 | D:10     | Found a glowing silver altar of Zin.
 11952 | D:10     | Reached skill level 5 in Maces & Flails
 13086 | D:10     | Noticed a purple ugly thing
 13100 | D:10     | Killed a purple ugly thing
 13766 | D:11     | Noticed a manticore
 13769 | D:11     | Gained mutation: Your spells are a little harder to cast,
                  | but a little more powerful. [potion of mutation]
 13769 | D:11     | Gained mutation: You are somewhat resistant to further
                  | mutation. [potion of mutation]
 13769 | D:11     | Gained mutation: You have large cloven feet. [potion of
                  | mutation]
 14184 | D:11     | Noticed a two-headed ogre
 14191 | D:11     | Killed a two-headed ogre
 14197 | D:11     | Reached *** piety under Trog
 14224 | D:11     | Reached XP level 11. HP: 96/99 MP: 10/10
 14347 | D:11     | Reached skill level 10 in Armour
 14571 | D:11     | Noticed a two-headed ogre
 14576 | D:11     | Killed a two-headed ogre
 14577 | D:11     | Reached skill level 10 in Fighting
 14853 | D:11     | Lost mutation: You are somewhat resistant to further
                  | mutation. [potion of mutation]
 14853 | D:11     | Lost mutation: You have large cloven feet. [potion of
                  | mutation]
 14853 | D:11     | Lost mutation: Your spells are a little harder to cast, but
                  | a little more powerful. [potion of mutation]
 14853 | D:11     | Gained mutation: You are robust. (+10% HP) [potion of
                  | mutation]
 14853 | D:11     | Gained mutation: You expend magic power (3 MP) to
                  | strengthen your wands. [potion of mutation]
 14853 | D:11     | Gained mutation: Your system is resistant to poisons.
                  | (rPois) [potion of mutation]
 15053 | D:12     | Noticed an eight-headed hydra
 15072 | D:12     | Killed an eight-headed hydra
 15083 | D:12     | Noticed a two-headed ogre
 15095 | D:12     | Killed a two-headed ogre
 15334 | D:12     | Noticed a sun demon
 15634 | D:13     | Found a frozen archway.
 15710 | D:13     | Reached skill level 1 in Throwing
 15740 | D:13     | Noticed a two-headed ogre
 15742 | D:13     | Noticed a boulder beetle
 15750 | D:13     | Killed a two-headed ogre
 15776 | D:13     | Killed a boulder beetle
 16107 | D:13     | Found Famuiloh's Distillery.
 16108 | D:13     | Noticed a two-headed ogre
 16119 | D:13     | Killed a two-headed ogre
 16120 | D:13     | Reached skill level 5 in Throwing
 16162 | D:13     | Bought a potion of heal wounds for 55 gold pieces
 16187 | D:13     | Noticed a centaur warrior
 16187 | D:13     | Noticed a brown ugly thing
 16197 | D:13     | Killed a brown ugly thing
 16202 | D:13     | Killed a centaur warrior
 16243 | D:13     | Noticed a four-headed hydra
 16249 | D:13     | Killed a four-headed hydra
 16308 | D:13     | Noticed a centaur warrior
 16314 | D:13     | Killed a centaur warrior
 16315 | D:13     | Reached XP level 12. HP: 115/116 MP: 11/11
 16423 | D:13     | Noticed a two-headed ogre
 16434 | D:13     | Killed a two-headed ogre
 17031 | D:14     | Noticed a fire dragon
 17077 | D:14     | Noticed a catoblepas
 17392 | D:12     | Slain by a sun demon

Illustrated notes

Levels and vault maps discovered:
D:1:      saegor_arrival_simple_a, layout_basic
D:2:      layout_loops_ring, kennysheep_donut
D:3:      layout_basic, nicolae_yredelemnul_ghost_church
D:4:      layout_cave_pods, nicolae_elyvilon_temple_path
D:5:      layout_loops_cross, mainiacjoe_overflow_alcove_2, kennysheep_mini,
          ebering_ghost_sewer_d, minivault_11
D:6:      layout_cave_pools, evilmike_ruin_ashenzari
D:7:      layout_basic, overflow_temple_1_default, temple_green,
          grunt_ministairs_13, chequers_serial_rivers_large_b
D:8:      layout_loops_corners, due_lair_maze_entry_diamond, ebering_ghost_gozag
D:9:      layout_basic, mainiacjoe_overflow_paths, overflow_temple_1_default
D:10:     layout_basic, grunt_qazlal_sundering, zin_scriptorium,
          lemuel_flamethrower_1
D:11:     layout_roguey, minmay_orc_entry_temple_small,
          nicolae_concentric_dashed_squares_mild, serial_park_tiny_1, uniq_erica
D:12:     layout_rooms, feat_on_display
D:13:     layout_stronghold, portal_ice_cave_rime, serial_shops, shop,
          chequers_avenue
D:14:     layout_loops_ring, hangedman_vaults_entry_quadrant_bands,
          serial_park_tiny_pond, gammafunk_ghost_berserking_beasts,
          minmay_unpleasant_kobolds
Temple:   minmay_temple_bridge_abc

Skill      XL: |  1  2  3  4  5  6  7  8  9 10 11 12 |
---------------+-------------------------------------+-----
Armour         | 4 5 7 8 9 10 | 10.8
Fighting       | 4 5 7 8 9 10 | 10.5
Short Blades   | 2 4 5 6 7 |  7.4
Shields        | 4 5 6 7 8 9 |  9.7
Evocations     | 5 7 |  7.0
Stealth        | 1 |  1.1
Maces & Flails | 8 9 |  9.4
Throwing       | 7 |  7.4
Axes           | |  2.9

Action                   |  1- 3 |  4- 6 |  7- 9 | 10-12 || total
-------------------------+-------+-------+-------+-------++-------
Melee: War axe           |    59 |       |       |       ||    59
       Headbutt          |    15 |    23 |    64 |    93 ||   195
       Short sword       |    30 |   117 |   294 |    29 ||   470
       Mace              |       |       |       |   275 ||   275
       Kick              |       |       |       |    19 ||    19
Throw: Boomerang         |       |       |    20 |    16 ||    36
       Javelin           |       |       |     9 |     2 ||    11
       Dart              |       |       |     9 |    49 ||    58
Invok: Berserk           |       |       |       |     3 ||     3
       Trog's Hand       |       |       |       |     1 ||     1
Evoke: Wand              |       |       |     3 |    19 ||    22
  Use: Potion            |       |     6 |     5 |    12 ||    23
       Scroll            |       |     6 |    10 |    14 ||    30
 Stab: Paralysed         |       |       |       |     9 ||     9
Armor: Scale mail        |    41 |    41 |       |       ||    82
       Plate armour      |       |    14 |   170 |       ||   184
       Skin              |       |     1 |       |       ||     1
       Chain mail        |       |       |    24 |   199 ||   223
Dodge: Dodged            |    44 |    25 |   104 |   120 ||   293
Block: Buckler           |    20 |    20 |   144 |   155 ||   339
       Reflection        |       |       |     1 |       ||     1
